 Dungeon Crawl Stone Soup version 0.31-a0-1098-g6898e6545c (webtiles) character file.

Game seed: 17670851239547383659

121469 kae the Jinx (level 16, -4/106 (125) HPs)
             Began as a Demonspawn Enchanter on Nov 30, 2023.
             Was the Champion of Dithmenos.
             Slain by a salamander
             ... wielding a +3 halberd
              (12 damage)
             ... on level 1 of the Snake Pit.
             The game lasted 00:36:13 (24082 turns).

kae the Jinx (Demonspawn Enchanter)                Turns: 24082, Time: 00:36:14

HP:   -4/106 (125)  AC: 12    Str: 15    XL:     16   Next: 32%
MP:   0/29          EV: 15    Int: 19    God:    Dithmenos [******]
Gold: 2405          SH:  5    Dex: 19    Spells: 7/33 levels left

rFire   . . .        o - +6 dagger (speed)
rCold   . . .        G - +0 buckler
rNeg    . . .        L - +3 troll leather armour {Snorg}
rPois   .            P - +1 hat {Int+3}
rElec   .            (no cloak)
rCorr   .            h - +2 pair of gloves {Stlth+}
SInv    .            I - +1 pair of boots
Will    +....        O - amulet of magic regeneration Stlth ****++++++
                     E - +5 ring of evasion
HPRegen 1.17/turn    Z - ring of wizardry
MPRegen 0.82/turn

%: guardian spirit, wizardry (x1)
@: slowed, wreathed by umbra, constricted, heavily drained, very slow
A: hooves 2, thin skeletal structure 2, foul stench 2, magic shield, magic
regeneration, magic link
a: Renounce Religion, Shadow Step, Shadow Form


You were on level 1 of the Snake Pit.
You worshipped Dithmenos.
Dithmenos was exalted by your worship.
You visited 5 branches of the dungeon, and saw 24 of its levels.

You collected 2548 gold pieces.
You spent 143 gold pieces at shops.


Innate Abilities, Weirdness & Mutations

You have hoof-like feet.
You have a moderately thin skeletal structure. (Dex +4, Stealth++)
You sometimes emit foul miasma when damaged in melee.
When hurt, damage is shared between your health and your magic reserves.
You regenerate magic rapidly.
When low on magic, you restore magic in place of health.


   Skills:
 - Level 11.0 Fighting
 - Level 13.0 Short Blades
 + Level 3.8 Armour
 + Level 4.3 Dodging
 + Level 12.5 Stealth
 + Level 3.8 Shields
 - Level 9.0 Spellcasting
 - Level 14.0 Hexes
 - Level 4.0 Ice Magic
 - Level 12.0 Invocations


You had 7 spell levels left.
You knew the following spells:

 Your Spells              Type           Power      Damage    Failure   Level
a - Ensorcelled Hibernat  Hex/Ice        84%        N/A       1%          2
b - Confusing Touch       Hex            58%        N/A       1%          3
c - Tukima's Dance        Hex            58%        N/A       1%          3
d - Dazzling Flash        Conj/Hex       70%        N/A       1%          3
e - Cause Fear            Hex            29%        N/A       1%          4
f - Enfeeble              Hex            29%        N/A       14%         7
g - Anguish               Hex/Necr       17%        N/A       3%          4

Your spell library contained the following spells:

 Spells                   Type           Power      Damage    Failure   Level
 Sigil of Binding         Hex            58%        N/A       1%          3
 Ozocubu's Armour         Ice            23%        N/A       3%          3
 Dimensional Bullseye     Hex/Tloc       17%        N/A       3%          4
 Fulminant Prism          Conj/Hex       17%        3d11      3%          4
 Leda's Liquefaction      Hex/Erth       17%        N/A       3%          4
 Metabolic Englaciation   Hex/Ice        21%        N/A       3%          5
 Hailstorm                Conj/Ice       16%        3d6       7%          3
 Blink                    Tloc           16%        N/A       9%          2
 Cigotuvi's Dreadful Rot  Necr/Pois/Air  16%        N/A       9%          2
 Lesser Beckoning         Tloc           16%        N/A       9%          2
 Momentum Strike          Conj/Tloc      16%        3d8       9%          2
 Call Canine Familiar     Summ           8%         N/A       16%         3
 Volatile Blastmotes      Fire/Tloc      16%        2d11      16%         3
 Summon Ice Beast         Ice/Summ       16%        N/A       22%         4
 Dispel Undead            Necr           8%         3d8       45%         4
 Iskenderun's Mystic Bla  Conj/Tloc      8%         2d4       45%         4
 Sticky Flame             Conj/Fire      8%         2d3       45%         4
 Vhi's Electric Charge    Tloc/Air       16%        N/A       45%         4
 Alistair's Intoxication  Tmut/Pois      5%         N/A       78%         5
 Arcjolt                  Conj/Air       4%         1d14      78%         5
 Borgnjor's Vile Clutch   Necr/Erth      4%         N/A       78%         5
 Lee's Rapid Deconstruct  Erth           4%         3d5*      78%         5
 Simulacrum               Ice/Necr       8%         N/A       96%         6
 Bombard                  Conj/Erth      4%         9d2       100%        6
 Death Channel            Necr           4%         N/A       100%        6
 Eringya's Noxious Bog    Tmut/Pois      4%         4d6       100%        6
 Starburst                Conj/Fire      4%         6d3       100%        6
 Haunt                    Necr/Summ      4%         N/A       100%        7
 Borgnjor's Revivificati  Necr           4%         N/A       100%        8
 Maxwell's Capacitive Co  Air            4%         ∞         100%        8
 Death's Door             Necr           4%         N/A       100%        9

Inventory:

Hand Weapons
 a - a +1 dagger of electrocution
 o - a +6 dagger of speed (weapon)
   (You took it off a goblin on level 2 of the Dungeon)
Missiles
 b - 4 throwing nets {=f!f}
 x - 14 stones
 y - 6 poisoned darts
 J - 4 boomerangs
Armour
 h - a +2 pair of gloves of stealth (worn)
   (You found it on level 1 of the Dungeon)
 n - a +2 helmet
   (You found it on level 2 of the Dungeon)
 G - a +0 buckler (worn)
   (You took it off a tengu conjurer on level 14 of the Dungeon)
 I - a +1 pair of boots (worn)
   (You found it on level 6 of the Dungeon)
 L - a +3 troll leather armour (worn) {Snorg}
   (You found it on level 14 of the Dungeon)
 P - a +1 hat of intelligence (worn)
   (You took it off Gastronok on level 1 of the Lair of Beasts)
Magical Staves
 r - a staff of cold {!a}
   (You found it on level 5 of the Dungeon)
 Q - a staff of death {!a}
   (You found it on level 3 of the Lair of Beasts)
 S - a staff of conjuration {!a}
   (You found it on level 3 of the Lair of Beasts)
Jewellery
 A - an amulet of the acrobat
   (You found it on level 15 of the Dungeon)
 C - a ring of ice
   (You took it off Fannar on level 1 of the Orcish Mines)
 E - a +5 ring of evasion (left hand)
   (You found it on level 4 of the Dungeon)
 O - an amulet of magic regeneration (around neck)
   (You found it on level 1 of the Lair of Beasts)
 R - a ring of resist corrosion
   (You found it on level 10 of the Dungeon)
 Z - a ring of wizardry (right hand)
   (You found it on level 6 of the Dungeon)
Wands
 d - a wand of digging (6)
   (You found it on level 14 of the Dungeon)
 q - a wand of polymorph (20)
   (You took it off Grinder on level 3 of the Dungeon)
 t - a wand of flame (62)
   (You took it off Natasha on level 3 of the Dungeon)
 v - a wand of charming (26)
   (You found it on level 4 of the Dungeon)
 F - a wand of roots (23)
   (You found it on level 8 of the Dungeon)
 M - a wand of light (2)
   (You found it on level 13 of the Dungeon)
Scrolls
 e - 4 scrolls of immolation {!r!r}
 i - a scroll of fear
 j - 2 scrolls of noise {!r}
 s - 3 scrolls of butterflies
 u - 10 scrolls of teleportation {@r4}
 w - 2 scrolls of vulnerability {!r!r}
 D - 3 scrolls of poison {!r}
 T - a scroll of fog
 W - 2 scrolls of blinking {!r}
 X - a scroll of silence {!r}
Potions
 c - 4 potions of invisibility
 f - 2 potions of berserk rage {!q}
 g - 3 potions of enlightenment
 k - a potion of mutation {!q}
 l - 2 potions of might
 m - 2 potions of heal wounds {@q2}
 p - 2 potions of magic
 z - 3 potions of attraction {!q}
 B - 5 potions of curing {@q1}
 H - a potion of haste {@q3}
 K - a potion of lignification {!q}
 N - 2 potions of resistance
 U - 2 potions of ambrosia
 V - a potion of brilliance
 Y - 2 potions of degeneration {unknown}

Dungeon Overview and Level Annotations

Branches:
Dungeon (15/15) Zot: 25457  Temple (1/1) D:5 Zot: 5967    Lair (5/5) D:10 Zot: 24101
  Swamp (0/4) Lair:3        Snake (1/4) Lair:2 Zot: 5831   Slime (0/5) Lair:4
    Orc (2/2) D:10 Zot: 10782     Elf (0/3) Orc:2        Vaults (0/5) D:14
 Depths (0/4) D:15

Altars:
Ashenzari
Cheibriados
Dithmenos
Fedhas
Gozag
Hepliaklqana
Kikubaaqudgha
Makhleb
Nemelex Xobeh
Okawaru
Qazlal
Ru
Sif Muna
Trog
Uskayaw
Vehumet
Wu Jian
Xom
Yredelemnul

Shops:
D:2 *   D:8 =(   D:15 (   Orc:2 [([*

Portals:
Hell: Lair:5
Trove: D:15 (give 17 potions of curing)

Annotations:
D:14 2 transporters, DEFE's ghost, adept DsWn

..## ....##.##..............
...# ###..##.##...##........#
...####......................#
.........<.....#...##.........
...##............#.##....N....
...##...........##.##.N.......
..###.........†.#.)...........
...##............SN.#.........
...##...........@##..#........
...###........#....#†.........
...##...........##.....)#####.
...##.............>.....#
..###..........###......###.
.###........)..# #..........#
...............# #......#####
.....#........####.......#
.............####........#


You could see a naga warrior, a salamander and an anaconda.


Message History

The naga warrior grabs you. The naga warrior constricts you.
* * * LOW HITPOINT WARNING * * *
😨 HP[-5]
You take 5 damage, and now have 34/103 hp.
Casting: Cause Fear (safe; 1% risk of failure)
Confirm with . or Enter, or press ? or * to list all spells.
Aiming: Ensorcelled Hibernation (safe; 1% risk of failure)
Press: ? - help, Shift-Dir - straight line, f - naga warrior
Aim: a naga warrior, wielding a +0 dire flail (constricting you, umbra, chance to affect: 18%)
The naga warrior looks drowsy...
The naga warrior loses its grip on you.
You feel sick.
The naga no longer looks unusually strong.
The salamander no longer looks unusually strong.
The salamander completely misses you. 😨 HP[-1]
You take 1 damage, and now have 33/103 hp.
The helpless naga warrior fails to defend itself.
You skewer the naga warrior like a kebab!!!!
You kill the naga warrior!
Dithmenos accepts your kill.
You feel sick.
The salamander closely misses you. 😨 HP[-1] MP[+1]
You now have 106 max hp (+3).
Casting: Ensorcelled Hibernation (safe; 1% risk of failure)
Confirm with . or Enter, or press ? or * to list all spells.
Aiming: Ensorcelled Hibernation (safe; 1% risk of failure)
Press: ? - help, Shift-Dir - straight line, f - naga
Aim: a naga, wielding a +0 battleaxe and wearing a +0 robe (umbra, chance to affect: 50%)
The naga looks drowsy...
Your shadow mimics your spell!
The naga is unaffected.
You feel sick.
The salamander completely misses you. 😨 HP[-1] MP[+1]
You take 1 damage, and now have 31/106 hp.
The helpless naga fails to defend itself.
You skewer the naga like a kebab!!!!!
You kill the naga!
Dithmenos accepts your kill.
You feel sick.
You block the salamander's attack. 😨 HP[-1]
You take 1 damage, and now have 30/106 hp.
Casting: Ensorcelled Hibernation (safe; 1% risk of failure)
Confirm with . or Enter, or press ? or * to list all spells.
Aiming: Ensorcelled Hibernation (safe; 1% risk of failure)
Press: ? - help, Shift-Dir - straight line, f - naga
Aim: a naga, wielding a +2 long sword of holy wrath (catching its breath, umbra, chance to affect: 50%)
The naga resists with some effort.
You feel sick. The naga misses you. The naga completely misses you.
The salamander hits you but does no damage.
The naga spits poison at you.
The splash of poison hits you but does no damage.
You are more poisoned. 😨 HP[+1]
Casting: Ensorcelled Hibernation (safe; 1% risk of failure)
Confirm with . or Enter, or press ? or * to list all spells.
Aiming: Ensorcelled Hibernation (safe; 1% risk of failure)
Press: ? - help, Shift-Dir - straight line, f/p - naga
Aim: a naga, wielding a +2 long sword of holy wrath (catching its breath, umbra, chance to affect: 50%)
The naga looks drowsy...
You feel sick.
The salamander hits you from afar with a +3 halberd!
* * * LOW HITPOINT WARNING * * *
You are engulfed in flames!
* * * LOW HITPOINT WARNING * * *
You block the salamander's attack. 😱 HP[-12] MP[-8]
You take 12 damage, and now have 19/106 hp.
You lost 8 mp, and now have 12/29 mp.
The helpless naga fails to defend itself.
You spit the naga like a pig!!!!!
You kill the naga!
Dithmenos accepts your kill.
You feel sick.
You feel sick.
The salamander misses you. 😱 HP[-1] MP[+2]
You take 1 damage, and now have 18/106 hp.
You regained 2 mp, and now have 14/29 mp.
You feel sick. The anaconda grabs you. You block the anaconda's attack.
The anaconda constricts you.
* * * LOW HITPOINT WARNING * * *
The salamander hits you from afar with a +3 halberd.
* * * LOW HITPOINT WARNING * * *
You are engulfed in flames!
* * * LOW HITPOINT WARNING * * *
The anaconda bites you!
* * * LOW HITPOINT WARNING * * *
The anaconda constricts you. 😱 HP[-15] MP[-12]
You take 15 damage, and now have 3/106 hp.
You lost 12 mp, and now have 2/29 mp.
Unknown command.
You feel much better.
You feel sick.
You are no longer poisoned.
The anaconda closely misses you. The anaconda constricts you.
* * * LOW HITPOINT WARNING * * *
The salamander hits you from afar with a +3 halberd!!
* * * LOW HITPOINT WARNING * * *
You are engulfed in flames!
You die...

Skill      XL: |  1  2  3  4  5  6  7  8  9 10 11 12 13 14 15 16 |
---------------+-------------------------------------------------+-----
Short Blades   | 1 2 3 4 5 7 10 11 12 13 | 13.0
Stealth        | 3 4 5 6 7 8 9 10 11 12 | 12.5
Fighting       | 1 2 3 4 5 6 7 8 9 10 11 | 11.0
Ice Magic      | 1 2 3 4 |  4.0
Spellcasting   | 3 4 5 6 7 8 9 |  9.0
Hexes          | 4 5 6 8 9 11 12 14 | 14.0
Invocations    | 2 5 6 8 10 12 | 12.0
Dodging        | 3 4 |  4.3
Armour         | 2 3 |  3.8
Shields        | 2 3 |  3.8

Action                     |  1- 3 |  4- 6 |  7- 9 | 10-12 | 13-15 | 16-18 || total
---------------------------+-------+-------+-------+-------+-------+-------++-------
  Melee: Dagger            |   125 |    75 |   369 |   523 |  1460 |   417 ||  2969
         Punch             |     1 |     1 |     2 |     8 |    26 |       ||    38
         Unarmed           |       |    16 |       |       |       |       ||    16
         Kick              |       |    18 |    71 |       |       |       ||    89
   Cast: Ensorcelled Hiber |     9 |    15 |    55 |    46 |   240 |    23 ||   388
         Confusing Touch   |       |     1 |    12 |     5 |    25 |     2 ||    45
         Cause Fear        |       |       |     2 |     3 |     9 |     5 ||    19
         Anguish           |       |       |       |       |     2 |       ||     2
         Enfeeble          |       |       |       |       |    18 |       ||    18
 Invoke: Shadow Step       |       |       |       |     2 |     7 |     1 ||    10
         Shadow Form       |       |       |       |       |       |     1 ||     1
  Evoke: Wand              |       |       |       |     2 |     2 |       ||     4
    Use: Scroll            |     2 |     5 |     7 |     6 |    19 |     1 ||    40
         Potion            |       |       |       |     3 |     1 |     1 ||     5
   Stab: Sleeping          |    15 |    11 |    51 |    45 |   199 |    32 ||   353
         Confused          |       |     1 |    13 |     4 |    29 |     2 ||    49
         Distracted        |       |     1 |     3 |       |     2 |     3 ||     9
         Fleeing           |       |       |     1 |     1 |     2 |     1 ||     5
         Invisible         |       |       |       |       |    24 |    21 ||    45
 Armour: Robe              |    67 |    28 |   103 |   104 |       |       ||   302
         Skin              |       |     5 |       |       |       |       ||     5
         Troll leather arm |       |       |       |    50 |   606 |   119 ||   775
  Dodge: Dodged            |    88 |    56 |   178 |   268 |   872 |   227 ||  1689
  Block: Buckler           |       |       |       |       |    39 |    84 ||   123

Levels and vault maps discovered:
D:1:      minmay_arrival_semitransparent, layout_basic, minmay_misc_feat_alley
D:2:      layout_basic, serial_shops, nicolae_shop_back_alley_shop
D:3:      layout_basic, uniq_natasha, uniq_jessica, uniq_grinder
D:4:      cheibrodos_pilgrimage, layout_rooms
D:5:      layout_gridville, mainiacjoe_overflow_chevrons,
          mainiacjoe_overflow_boulevard, jmf_multi_god_temple,
          minmay_temple_entry_statues, nrook_campfire, uniq_edmund,
          uniq_prince_ribbit1
D:6:      layout_rooms, bh_walls_and_bars, uniq_pikel
D:7:      layout_basic, lemuel_flamethrower_2
D:8:      layout_loops_ring, lemuel_doored_altar, serial_shops, shop,
          nicolae_shop_bloodbath_and_beyond, uniq_grum
D:9:      layout_layer_cave, mainiacjoe_overflow_six_doors_small,
          serial_co_window_serial, co_window_of_opportunity_a,
          co_window_paths_a, co_window_paths_a, co_window_of_opportunity_a,
          co_window_corner_a, co_window_of_opportunity_a, co_window_corner_a,
          co_window_broadway_c, co_window_broadway_b, co_window_unsneaky_path_e,
          co_window_paths_e, glass_columns_a, glass_columns_b, glass_columns_a
D:10:     layout_basic, lair_entry_dummy, orc_0_dummy,
          amcnicky_mini_corridor_feature, hangedman_corner_corridor
D:11:     layout_roguey, cheibriados_altar_1
D:12:     layout_long_grid, nicolae_hepliaklqana_hippocampus
D:13:     layout_rooms, lemuel_flamethrower_1
D:14:     layout_long_grid, hellmonk_vaults_keyhole,
          gammafunk_ghost_wrathful_warriors, chequers_serial_rivers_micro_e,
          uniq_nessos, uniq_snorg, uniq_lodul
D:15:     gammafunk_depths_entry_grave, layout_long_grid,
          nicolae_trove_entry_path_of_doom, serial_shops, shop, minmay_orc_keep
Temple:   regret_index_temple_sphere_string
Lair:1:   layout_cave_pods, uniq_gastronok
Lair:2:   layout_loops_ring, alex1729_snake_entry_snake, st_stairs_13,
          minivault_23, infiniplex_staircase_pool, grunt_megastairs_5
Lair:3:   layout_misc_corridors, skrybe_swamp_entry_bodies, st_stairs_13,
          serial_bayou_shore_b
Lair:4:   beast_lair_carwin_large_1, layout_layer_cave,
          nicolae_slime_entry_field_trip, uniq_urug, uniq_sonja
Lair:5:   evil_forest, layout_regular_city
Snake:1:  layout_rooms
Orc:1:    lemuel_ogre_cave, layout_diamond_mine, basic_altar, uniq_fannar,
          uniq_harold
Orc:2:    grunt_orc_tribal_feast, layout_caves

Notes
Turn   | Place    | Note
-------+----------+-------------------------------------------
     0 | D:1      | kae the Demonspawn Enchanter began the quest for the Orb.
     0 | D:1      | Reached XP level 1. HP: 13/13 MP: 3/3
     0 | D:1      | magus.rc [v1.11.3]
   186 | D:1      | Reached skill level 1 in Short Blades
   525 | D:1      | HP: 3/14 [goblin/+0 club (3)]
   526 | D:1      | Gained mutation: You regenerate magic rapidly. [demonic
                  | ancestry]
   526 | D:1      | Reached XP level 2. HP: 5/20 MP: 5/5
   791 | D:1      | Reached skill level 3 in Stealth
   842 | D:2      | Learned a level 2 spell: Ensorcelled Hibernation
   877 | D:2      | Found Urof Qinn's General Store.
   881 | D:2      | Bought a scroll of fear for 44 gold pieces
   881 | D:2      | Bought a scroll of noise for 11 gold pieces
  1215 | D:2      | You pick up a book of the Hunter and begin reading...
  1215 | D:2      | You add the spells Sigil of Binding, Call Canine Familiar,
                  | Dimensional Bullseye and Leda's Liquefaction to your
                  | library.
  1284 | D:2      | Gained mutation: You may rarely emit foul miasma when
                  | damaged in melee. [demonic ancestry]
  1284 | D:2      | Reached XP level 3. HP: 25/25 MP: 6/6
  1344 | D:2      | Reached skill level 1 in Fighting
  1547 | D:3      | Learned a level 3 spell: Confusing Touch
  1636 | D:3      | Noticed Jessica
  1637 | D:3      | Noticed Natasha
  1641 | D:3      | Killed Jessica
  1642 | D:3      | Reached skill level 2 in Short Blades
  1642 | D:3      | Gained mutation: You have a somewhat thin skeletal
                  | structure. (Dex +2, Stealth+) [demonic ancestry]
  1642 | D:3      | Reached XP level 4. HP: 32/32 MP: 7/7
  1648 | D:3      | Killed Natasha
  1695 | D:3      | Noticed Natasha
  1704 | D:3      | Killed Natasha
  1705 | D:3      | Reached skill level 1 in Ice Magic
  1733 | D:3      | Noticed Natasha
  1745 | D:3      | Killed Natasha
  1746 | D:3      | Gained mutation: You have large cloven feet. [demonic
                  | ancestry]
  1746 | D:3      | Reached XP level 5. HP: 34/37 MP: 2/8
  1761 | D:3      | Noticed Grinder
  1945 | D:3      | Killed Grinder
  1946 | D:3      | Reached skill level 2 in Fighting
  1946 | D:3      | Reached skill level 3 in Short Blades
  1946 | D:3      | Reached skill level 4 in Stealth
  1946 | D:3      | Reached XP level 6. HP: 40/44 MP: 6/10
  2170 | D:4      | You add the spells Vhi's Electric Charge, Arcjolt and
                  | Maxwell's Capacitive Coupling to your library.
  2336 | D:4      | You fall into a shaft and drop 2 floors!
  2360 | D:6      | Noticed an ice beast
  2377 | D:6      | Reached skill level 3 in Spellcasting
  2392 | D:5      | Entered Level 5 of the Dungeon
  2401 | D:5      | Reached skill level 2 in Ice Magic
  2401 | D:5      | Gained mutation: When hurt, damage is shared between your
                  | health and your magic reserves. [demonic ancestry]
  2401 | D:5      | Reached XP level 7. HP: 49/51 MP: 1/11
  2479 | D:5      | Found a staircase to the Ecumenical Temple.
  2495 | D:5      | Found a basalt altar of Yredelemnul.
  2515 | Temple   | Entered the Ecumenical Temple
  2531 | Temple   | Became a worshipper of Dithmenos the Shadowed
  2555 | D:5      | Learned a level 3 spell: Tukima's Dance
  2559 | D:5      | Learned a level 3 spell: Dazzling Flash
  2575 | D:5      | Found an iron altar of Okawaru.
  2576 | D:5      | Found a shimmering altar of Xom.
  2579 | D:5      | Reached skill level 4 in Hexes
  2701 | D:5      | Noticed Edmund
  2723 | D:5      | Killed Edmund
  2724 | D:5      | Reached skill level 5 in Stealth
  2938 | D:4      | Reached skill level 4 in Short Blades
  3405 | D:5      | Found an ancient bone altar of Kikubaaqudgha.
  3417 | D:5      | Reached skill level 3 in Fighting
  3461 | D:5      | Reached * piety under Dithmenos
  3484 | D:5      | Gained mutation: You have hoof-like feet. [demonic
                  | ancestry]
  3484 | D:5      | Reached XP level 8. HP: 58/58 MP: 13/13
  3490 | D:5      | Noticed Prince Ribbit
  3496 | D:5      | Killed Prince Ribbit
  3666 | D:5      | Reached skill level 3 in Ice Magic
  4208 | D:6      | Reached skill level 5 in Short Blades
  4208 | D:6      | Reached skill level 6 in Stealth
  4208 | D:6      | Reached skill level 4 in Spellcasting
  4303 | D:5      | Reached skill level 5 in Hexes
  4320 | D:6      | Reached skill level 4 in Fighting
  4332 | D:6      | Gained mutation: You sometimes emit foul miasma when
                  | damaged in melee. [demonic ancestry]
  4332 | D:6      | Reached XP level 9. HP: 31/65 MP: 5/15
  4544 | D:6      | You pick up a book of Hexes and begin reading...
  4544 | D:6      | You add the spells Anguish, Cause Fear and Enfeeble to your
                  | library.
  4606 | D:6      | Noticed Pikel
  4633 | D:6      | Killed Pikel
  4640 | D:6      | Reached skill level 6 in Short Blades
  4640 | D:6      | Reached skill level 7 in Stealth
  4742 | D:6      | Reached ** piety under Dithmenos
  5124 | D:6      | Learned a level 4 spell: Cause Fear
  5172 | D:7      | Reached skill level 4 in Ice Magic
  6047 | D:7      | Reached skill level 5 in Fighting
  6231 | D:8      | Found Zetun's Jewellery Boutique.
  6278 | D:8      | Reached skill level 7 in Short Blades
  6347 | D:8      | Reached XP level 10. HP: 66/74 MP: 10/16
  6424 | D:8      | Found Ypoas's Weapon Emporium.
  6553 | D:8      | Reached skill level 8 in Short Blades
  6702 | D:8      | Noticed Grum
  6710 | D:8      | Killed Grum
  6817 | D:8      | Reached *** piety under Dithmenos
  6821 | D:8      | Found a bloodstained altar of Trog.
  6905 | D:8      | Reached skill level 9 in Short Blades
  8214 | D:9      | Reached skill level 10 in Short Blades
  8542 | D:9      | Reached skill level 6 in Hexes
  8602 | D:9      | Reached skill level 1 in Invocations
  9297 | D:10     | Entered Level 10 of the Dungeon
  9611 | D:10     | Found a staircase to the Orcish Mines.
  9811 | D:10     | Noticed a cyan ugly thing
  9821 | D:10     | Killed a cyan ugly thing
  9822 | D:10     | Reached skill level 8 in Stealth
  9822 | D:10     | Reached skill level 2 in Invocations
  9960 | D:10     | You pick up a book of the Hunter and begin reading...
 10020 | D:10     | Reached XP level 11. HP: 80/80 MP: 17/17
 10036 | D:10     | Reached **** piety under Dithmenos
 10153 | D:10     | Reached skill level 3 in Invocations
 10267 | D:10     | Found a staircase to the Lair.
 10509 | D:10     | Identified 2 potions of experience
 10536 | D:10     | Reached skill level 6 in Fighting
 10536 | D:10     | Reached skill level 5 in Spellcasting
 10536 | D:10     | Reached skill level 8 in Hexes
 10536 | D:10     | Reached skill level 5 in Invocations
 10536 | D:10     | Reached XP level 12. HP: 89/89 MP: 17/20
 10545 | D:10     | Learned a level 7 spell: Enfeeble
 10545 | D:10     | Reached skill level 7 in Fighting
 10545 | D:10     | Reached skill level 11 in Short Blades
 10545 | D:10     | Reached skill level 9 in Stealth
 10545 | D:10     | Reached skill level 6 in Spellcasting
 10545 | D:10     | Reached skill level 9 in Hexes
 10545 | D:10     | Reached skill level 6 in Invocations
 10545 | D:10     | Reached XP level 13. HP: 96/96 MP: 20/22
 10575 | D:11     | Found a snail-covered altar of Cheibriados.
 10810 | D:11     | You add the spells Alistair's Intoxication, Borgnjor's Vile
                  | Clutch and Eringya's Noxious Bog to your library.
 11074 | D:11     | Reached skill level 7 in Invocations
 11410 | D:11     | Reached skill level 10 in Hexes
 12098 | D:12     | Found a hazy altar of Hepliaklqana.
 12104 | D:12     | Reached skill level 8 in Fighting
 12341 | D:13     | You pick up a book of Decay and begin reading...
 12341 | D:13     | You add the spells Cigotuvi's Dreadful Rot, Dispel Undead
                  | and Death Channel to your library.
 12444 | D:13     | Reached skill level 10 in Stealth
 12444 | D:13     | Reached skill level 7 in Spellcasting
 12448 | D:13     | Reached skill level 8 in Invocations
 12532 | D:13     | You add the spells Haunt, Borgnjor's Revivification and
                  | Death's Door to your library.
 12868 | D:14     | Noticed Lodul
 12874 | D:14     | Noticed Nessos
 12876 | D:14     | Killed Lodul
 12928 | D:14     | Killed Nessos
 13001 | D:14     | Found a transporter.
 13005 | D:14     | Found a transporter.
 13012 | D:14     | Reached skill level 11 in Hexes
 13012 | D:14     | Noticed DEFE's ghost (adept DsWn)
 13045 | D:14     | You pick up a book of Spatial Translocations and begin
                  | reading...
 13045 | D:14     | You add the spells Blink, Momentum Strike and Lesser
                  | Beckoning to your library.
 13122 | D:14     | Found a bloodstained altar of Trog.
 13154 | D:14     | HP: 24/99 [centaur/+0 flail[a centaur warrior] (4)]
 13257 | D:14     | Gained mutation: You have a moderately thin skeletal
                  | structure. (Dex +4, Stealth++) [demonic ancestry]
 13257 | D:14     | Reached XP level 14. HP: 85/106 MP: 12/25
 13403 | Lair:1   | Entered Level 1 of the Lair of Beasts
 13575 | Lair:1   | Noticed Gastronok
 13593 | Lair:1   | Killed Gastronok
 13833 | Lair:1   | Reached skill level 9 in Invocations
 14745 | Lair:2   | Found a staircase to the Snake Pit.
 14765 | Lair:2   | Reached skill level 9 in Fighting
 15622 | Lair:3   | Reached skill level 12 in Short Blades
 15829 | Lair:3   | Reached skill level 12 in Hexes
 15914 | Lair:3   | Found a staircase to the Swamp.
 16128 | Lair:3   | Reached skill level 8 in Spellcasting
 16199 | Lair:3   | Learned a level 4 spell: Anguish
 16244 | Lair:3   | HP: 25/108 [yak (8)]
 16622 | Lair:4   | You pick up a book of the Earth and begin reading...
 16622 | Lair:4   | You add the spells Lee's Rapid Deconstruction and Bombard
                  | to your library.
 16669 | Lair:4   | Reached ***** piety under Dithmenos
 16670 | Lair:4   | Reached skill level 10 in Invocations
 16770 | Lair:4   | Found a staircase to the Slime Pits.
 16856 | Lair:4   | Reached skill level 11 in Stealth
 16873 | Lair:4   | Noticed Urug
 16881 | Lair:4   | Killed Urug
 16887 | Lair:4   | You pick up a book of Blasting and begin reading...
 16887 | Lair:4   | You add the spells Volatile Blastmotes, Fulminant Prism and
                  | Iskenderun's Mystic Blast to your library.
 16941 | Lair:4   | Noticed Sonja
 16944 | Lair:4   | Killed Sonja
 17536 | Lair:4   | Identified the +5 scale mail "Qyf Quem" {*Corrode rC+ rN++}
 17648 | Lair:4   | Gained mutation: When low on magic, you restore magic in
                  | place of health. [demonic ancestry]
 17648 | Lair:4   | Reached XP level 15. HP: 88/115 MP: 15/27
 17995 | Lair:5   | Entered Level 5 of the Lair of Beasts
 18076 | Lair:5   | Reached skill level 13 in Hexes
 18114 | Lair:5   | Reached skill level 10 in Fighting
 18737 | Lair:5   | Reached skill level 11 in Invocations
 19062 | Lair:5   | Reached skill level 9 in Spellcasting
 19089 | Lair:5   | Found a burning altar of Makhleb.
 19090 | Lair:5   | Found a gateway to Hell.
 19700 | Lair:5   | You pick up a book of the Tundra and begin reading...
 19700 | Lair:5   | You add the spells Hailstorm, Summon Ice Beast and
                  | Simulacrum to your library.
 19979 | D:14     | You pick up a book of Winter and begin reading...
 19979 | D:14     | You add the spells Ozocubu's Armour and Metabolic
                  | Englaciation to your library.
 19987 | D:14     | Noticed Snorg
 20052 | D:14     | Killed Snorg
 20118 | D:14     | You add the spells Sticky Flame and Starburst to your
                  | library.
 20118 | D:14     | Got Vehumet's Papyrus of Momentum
 20401 | D:14     | Found a gate to the Vaults.
 20412 | D:14     | Reached skill level 2 in Dodging
 20416 | D:14     | HP: 28/117 [ironbound frostheart (28)]
 20417 | D:14     | HP: 7/117 [ironbound frostheart/creeping frost (21)]
 20421 | D:14     | HP: 2/117 [ironbound frostheart/creeping frost (5)]
 20692 | D:15     | Entered Level 15 of the Dungeon
 20972 | D:15     | Found a staircase to the Depths.
 21059 | D:14     | Reached skill level 1 in Armour
 21066 | D:14     | Reached skill level 1 in Shields
 21087 | D:15     | Reached skill level 14 in Hexes
 21350 | D:15     | Found a portal to a secret trove of treasure.
 21492 | D:15     | Reached skill level 13 in Short Blades
 21502 | D:15     | Reached skill level 12 in Stealth
 21550 | D:15     | Reached skill level 2 in Armour
 21684 | D:15     | Reached skill level 2 in Shields
 21684 | D:15     | Reached skill level 12 in Invocations
 21754 | D:15     | Reached skill level 3 in Dodging
 21766 | D:15     | Reached ****** piety under Dithmenos
 21781 | D:15     | Reached XP level 16. HP: 115/124 MP: 26/29
 21925 | D:15     | Found Deumourgh's Weapon Shoppe.
 22229 | Orc:1    | Entered Level 1 of the Orcish Mines
 22236 | Orc:1    | Noticed Harold
 22252 | Orc:1    | Killed Harold
 22271 | Orc:1    | Reached skill level 11 in Fighting
 22491 | Orc:2    | Entered Level 2 of the Orcish Mines
 22751 | Orc:2    | HP: 28/125 [orc priest/nerve-wracking pain (5)]
 22893 | Orc:1    | Noticed Fannar
 22895 | Orc:1    | Killed Fannar
 23159 | Orc:2    | Reached skill level 3 in Armour
 23220 | Orc:2    | Reached skill level 3 in Shields
 23224 | Orc:2    | Found Deon's General Store.
 23224 | Orc:2    | Found Qano's Armour Shop.
 23255 | Orc:2    | HP: 21/84 [something (1)]
 23261 | Orc:2    | HP: 20/82 [orc warrior/+0 halberd (2)]
 23268 | Orc:2    | HP: 13/80 [orc knight/+1 long sword (1)]
 23280 | Orc:2    | HP: 13/78 [orc knight/+1 long sword (3)]
 23352 | Orc:2    | Found Beighel's Armour Shoppe.
 23352 | Orc:2    | Found Loicwan's Weapon Shop.
 23358 | Orc:2    | Bought a potion of ambrosia for 88 gold pieces
 23471 | Orc:2    | Found a staircase to the Elven Halls.
 23539 | Orc:2    | Reached skill level 4 in Dodging
 23906 | Snake:1  | Entered Level 1 of the Snake Pit
 24078 | Snake:1  | HP: 25/106 [salamander/+3 halberd (5)]
 24081 | Snake:1  | HP: 9/106 [salamander/+3 halberd (6)]
 24081 | Snake:1  | HP: 3/106 [anaconda (6)]
 24082 | Snake:1  | Slain by a salamander

Vanquished Creatures
  Gastronok (Lair:1)
  Nessos (D:14)
  2 dire elephants (Lair:4)
  Snorg (D:14)
  2 vault guards (D:14)
  An ogre mage (D:15)
  Harold (Orc:1)
  5 hydras
  Fannar (Orc:1)
  5 boulder beetles
  An anaconda (Snake:1)
  An ironbound frostheart (D:14)
  5 centaur warriors
  A sphinx skeleton (D:15)
  5 two-headed ogres
  2 naga warriors (Snake:1)
  Urug (Lair:4)
  A vampire mage (D:15)
  6 death yaks (Lair:3)
  A shock serpent (Snake:1)
  An occultist (Lair:5)
  2 orc high priests (Orc:2)
  A sun demon (Lair:5)
  Sonja (Lair:4)
  2 skeletal warriors
  3 skysharks
  Lodul (D:14)
  A storm dragon skeleton (D:15)
  A bog body (Lair:3)
  8 orc knights
  Pikel (D:6)
  2 deep elf pyromancers
  A mana viper (Snake:1)
  2 orc sorcerers (Orc:2)
  11 ugly things
  A necromancer (D:14)
  A salamander (Lair:2)
  7 cyclopes
  20 elephants
  3 manticores (D:11)
  A naga mage (Snake:1)
  5 black mambas
  A guardian serpent (Snake:1)
  2 orange demons (Lair:5)
  11 komodo dragons
  An efreet (D:15)
  4 kobold demonologists
  11 cane toads
  2 freezing wraiths
  8 rime drakes
  2 kobold blastminers (Orc:2)
  4 yaktaurs (D:15)
  A guardian mummy (D:15)
  2 tengu conjurers (D:14)
  3 ice devils (Lair:5)
  3 polar bears (Lair:5)
  Prince Ribbit (D:5)
  9 trolls
  A hellwing (Lair:5)
  Grinder (D:3)
  6 dream sheep
  25 blink frogs
  A spriggan skeleton (D:15)
  5 wyverns
  A shadow (D:12)
  38 yaks
  2 wraiths
  A vampire (D:10)
  5 vampire mosquitoes
  A human (D:14)
  Grum (D:8)
  3 basilisks
  3 wargs
  5 nagas
  Edmund (D:5)
  18 water moccasins
  4 hell hounds (Lair:5)
  3 ice beasts
  A black bear (D:5)
  3 boggarts
  18 orc warriors
  20 ogres
  15 wolves
  7 centaurs
  3 lemures (D:6)
  2 phantoms
  14 bullfrogs
  5 kobold brigands
  2 gnoll sergeants
  5 scorpions
  10 wights
  12 killer bees
  3 howler monkeys
  8 jellies
  18 orc priests
  4 gnoll boudas
  3 hounds
  Jessica (D:3)
  3 sleepcaps
  Natasha (thrice) (D:3)
  3 iguanas
  17 orc wizards
  22 gnolls
  10 adders
  A white imp (D:6)
  4 ufetubi (D:5)
  A worm (D:2)
  72 orcs
  4 ball pythons
  4 bats
  4 endoplasms
  A giant cockroach (D:2)
  3 hobgoblins
  2 jackals (D:2)
  4 quokkas
  3 frilled lizards
  3 goblins
  21 kobolds
  4 rats
653 creatures vanquished.

Vanquished Creatures (others)
  An ogre mage (Orc:2)
  An orc high priest (Orc:2)
  An ogre (D:14)
  A boggart (D:15)
  4 orc wizards
8 creatures vanquished.

Grand Total: 661 creatures vanquished

Table legend:
 A = Non-vault XP
 B = Vault XP
 C = Vault XP percentage of total XP
 D = Non-vault monster count
 E = Vault monster count
 F = Vault count percentage of total count
                 A         B        C        D         E       F
            +---------+---------+-------+---------+---------+-------
      Total |   95275 |   49024 |  34.0 |     501 |     154 |  23.5
            +---------+---------+-------+---------+---------+-------
        D:1 |      18 |       0 |   0.0 |      11 |       0 |   0.0
        D:2 |      58 |       0 |   0.0 |      19 |       0 |   0.0
        D:3 |      78 |     344 |  81.5 |       8 |       3 |  27.3
        D:4 |     108 |      61 |  36.1 |      18 |       7 |  28.0
        D:5 |     927 |     564 |  37.8 |      25 |       4 |  13.8
        D:6 |    1093 |     617 |  36.1 |      21 |       1 |   4.5
        D:7 |    1011 |       0 |   0.0 |      23 |       0 |   0.0
        D:8 |    2165 |     537 |  19.9 |      37 |       4 |   9.8
        D:9 |    1562 |       0 |   0.0 |      31 |       0 |   0.0
       D:10 |    1947 |    1401 |  41.8 |      15 |       8 |  34.8
       D:11 |    4520 |       0 |   0.0 |      17 |       0 |   0.0
       D:12 |    4467 |       0 |   0.0 |      17 |       0 |   0.0
       D:13 |    6273 |     360 |   5.4 |      16 |       3 |  15.8
       D:14 |    8882 |    8571 |  49.1 |      26 |      15 |  36.6
       D:15 |    9543 |    5279 |  35.6 |      22 |      15 |  40.5
     Lair:1 |    3521 |    1539 |  30.4 |      16 |       1 |   5.9
     Lair:2 |    3201 |    1800 |  36.0 |      13 |      10 |  43.5
     Lair:3 |   12279 |    1134 |   8.5 |      37 |       3 |   7.5
     Lair:4 |   10260 |    7625 |  42.6 |      32 |      17 |  34.7
     Lair:5 |   13096 |   10824 |  45.3 |      43 |      26 |  37.7
    Snake:1 |    6023 |       0 |   0.0 |      11 |       0 |   0.0
      Orc:1 |    1816 |    2449 |  57.4 |      13 |       8 |  38.1
      Orc:2 |    2427 |    5919 |  70.9 |      30 |      29 |  49.2
            +---------+---------+-------+---------+---------+-------

Skill      XL: |  1  2  3  4  5  6  7  8  9 10 11 12 13 14 15 16 |
---------------+-------------------------------------------------+-----
Short Blades   | 1 2 3 4 5 7 10 11 12 13 | 13.0
Stealth        | 3 4 5 6 7 8 9 10 11 12 | 12.5
Fighting       | 1 2 3 4 5 6 7 8 9 10 11 | 11.0
Ice Magic      | 1 2 3 4 |  4.0
Spellcasting   | 3 4 5 6 7 8 9 |  9.0
Hexes          | 4 5 6 8 9 11 12 14 | 14.0
Invocations    | 2 5 6 8 10 12 | 12.0
Dodging        | 3 4 |  4.3
Armour         | 2 3 |  3.8
Shields        | 2 3 |  3.8

Action                     |  1- 3 |  4- 6 |  7- 9 | 10-12 | 13-15 | 16-18 || total
---------------------------+-------+-------+-------+-------+-------+-------++-------
  Melee: Dagger            |   125 |    75 |   369 |   523 |  1460 |   417 ||  2969
         Punch             |     1 |     1 |     2 |     8 |    26 |       ||    38
         Unarmed           |       |    16 |       |       |       |       ||    16
         Kick              |       |    18 |    71 |       |       |       ||    89
   Cast: Ensorcelled Hiber |     9 |    15 |    55 |    46 |   240 |    23 ||   388
         Confusing Touch   |       |     1 |    12 |     5 |    25 |     2 ||    45
         Cause Fear        |       |       |     2 |     3 |     9 |     5 ||    19
         Anguish           |       |       |       |       |     2 |       ||     2
         Enfeeble          |       |       |       |       |    18 |       ||    18
 Invoke: Shadow Step       |       |       |       |     2 |     7 |     1 ||    10
         Shadow Form       |       |       |       |       |       |     1 ||     1
  Evoke: Wand              |       |       |       |     2 |     2 |       ||     4
    Use: Scroll            |     2 |     5 |     7 |     6 |    19 |     1 ||    40
         Potion            |       |       |       |     3 |     1 |     1 ||     5
   Stab: Sleeping          |    15 |    11 |    51 |    45 |   199 |    32 ||   353
         Confused          |       |     1 |    13 |     4 |    29 |     2 ||    49
         Distracted        |       |     1 |     3 |       |     2 |     3 ||     9
         Fleeing           |       |       |     1 |     1 |     2 |     1 ||     5
         Invisible         |       |       |       |       |    24 |    21 ||    45
 Armour: Robe              |    67 |    28 |   103 |   104 |       |       ||   302
         Skin              |       |     5 |       |       |       |       ||     5
         Troll leather arm |       |       |       |    50 |   606 |   119 ||   775
  Dodge: Dodged            |    88 |    56 |   178 |   268 |   872 |   227 ||  1689
  Block: Buckler           |       |       |       |       |    39 |    84 ||   123

Illustrated notes

Table legend:
 A = Kills in this place as a percentage of kills in the entire game.
 B = Kills by you in this place as a percentage of kills by you in the entire game.
 C = Kills by friends in this place as a percentage of kills by friends in the entire game.
 D = Other kills in this place as a percentage of other kills in the entire game.
 E = Experience gained in this place as a percentage of experience gained in the entire game.
 F = Experience gained in this place divided by the number of levels of this place that you have seen.
                   A       B       C       D       E      F
               +-------+-------+-------+-------+-------+----------------------
         Total | 100.0 | 100.0 |   N/A | 100.0 | 100.0 | 6012.5
       Dungeon |  55.9 |  56.1 |   N/A |  37.5 |  41.8 | 4025.7
          Lair |  30.2 |  30.3 |   N/A |  25.0 |  45.2 | 13055.8
     Snake Pit |   1.7 |   1.7 |   N/A |   0.0 |   4.2 | 6023.0
  Orcish Mines |  12.2 |  11.9 |   N/A |  37.5 |   8.7 | 6305.5
               +-------+-------+-------+-------+-------+----------------------

Table legend: (Time is in decaauts)
 A = Elapsed time spent in this place.
 B = Non-inter-level travel time spent in this place.
 C = Inter-level travel time spent in this place.
 D = Time resting spent in this place.
 E = Time spent auto-exploring this place.
 F = Levels seen in this place.
 G = Mean time per level.
                   A        B        C        D        E       F      G
               +--------+--------+--------+--------+--------+-----+--------+
         Total |  22364 |  20994 |   1370 |   1039 |  15345 |  24 |  931.8 |
       Dungeon |  15047 |  14093 |    954 |    837 |  10384 |  15 | 1003.1 |
        Temple |     32 |      1 |     31 |      0 |      0 |   1 |   32.0 |
          Lair |   5898 |   5561 |    337 |    110 |   4139 |   5 | 1179.6 |
     Snake Pit |    167 |    167 |      0 |      7 |     91 |   1 |  167.0 |
  Orcish Mines |   1217 |   1171 |     46 |     85 |    731 |   2 |  608.5 |
               +--------+--------+--------+--------+--------+-----+--------+

Top non-repeatable levels by time:
     D:9: 1749 daAuts
  Lair:5: 1499 daAuts
    D:10: 1465 daAuts
  Lair:4: 1398 daAuts
    D:14: 1319 daAuts
     D:5: 1303 daAuts
  Lair:1: 1155 daAuts
     D:8: 1078 daAuts
    D:15: 1031 daAuts
  Lair:2: 1010 daAuts
     D:7: 982 daAuts
    D:11: 918 daAuts
     D:6: 890 daAuts
     D:1: 835 daAuts
  Lair:3: 834 daAuts
